 Dungeon Crawl Stone Soup version 0.31-a0-180-g519b7de00c (webtiles) character file.

Game seed: 16392163820942675238

37 innerfire43 the Trooper (level 3, 0/29 HPs)
             Began as a Demonspawn Monk on June 19, 2023.
             Slain by a gnoll
             ... wielding a +0 whip
              (1 damage)
             ... on level 2 of the Dungeon.
             The game lasted 00:01:27 (1246 turns).

innerfire43 the Trooper (Demonspawn Monk)           Turns: 1246, Time: 00:01:28

Health: 0/29       AC: 11    Str: 13    XL:     3   Next: 21%
Magic:  3/3        EV:  3    Int: 11    God:
Gold:   60         SH:  0    Dex: 15    Spells: 2/2 levels left

rFire   . . .        a - +0 hand axe
rCold   . . .        d - orb {light}
rNeg    . . .        m - +0 plate armour
rPois   .            j - +0 helmet
rElec   .            (no cloak)
rCorr   .            (no gloves)
SInv    .            (no boots)
Will    .....        (no amulet) Stlth
                     (no ring)
HPRegen 0.24/turn    (no ring)
MPRegen 0.08/turn

%: no passive effects
@: glowing
A: demonic magic 1
a: no special abilities


You were on level 2 of the Dungeon.
You visited 1 branch of the dungeon, and saw 2 of its levels.

You collected 60 gold pieces.

Inventory:

Hand Weapons
 a - a +0 hand axe (weapon)
Armour
 b - a +0 robe
 d - an orb of light (worn)
 j - a +0 helmet (worn)
 m - a +0 plate armour (worn)
Scrolls
 e - a scroll of teleportation {unknown}
 f - a scroll of revelation {unknown}
 g - 3 scrolls of blinking {unknown}
 k - a scroll of immolation {unknown}
 n - a scroll of torment {unknown}
 o - a scroll of noise {unknown}
Potions
 h - 2 potions of enlightenment {unknown}
 i - 2 potions of heal wounds {unknown}
 l - 2 potions of curing {unknown}


   Skills:
 + Level 3.4 Fighting
 + Level 3.2 Axes
 * Level 0.1 Armour
 - Level 3.1 Dodging


You had 2 spell levels left.
You didn't know any spells.
Your spell library was empty.

Dungeon Overview and Level Annotations

Branches:
Dungeon (2/15)

Altars:


Innate Abilities, Weirdness & Mutations

Spells you cast may paralyse adjacent enemies.


Message History

The gnoll completely misses you. The gnoll hits you with a +0 spear.
You struggle against the net.
The gnoll hits you but does no damage. x2
The gnoll hits you with a +0 spear.
You shred the net and break free! The gnoll hits you with a +0 whip.
The gnoll hits you from afar with a +0 spear.
The gnoll barely misses you.
You hit the gnoll.
The gnoll is moderately wounded.
You hit the gnoll. The gnoll hits you with a +0 whip.
The gnoll hits you but does no damage. x2
You barely miss the gnoll.
The gnoll is moderately wounded.
You barely miss the gnoll. The gnoll hits you with a +0 whip.
* * * LOW HITPOINT WARNING * * *
The gnoll hits you from afar with a +0 spear.
* * * LOW HITPOINT WARNING * * *
The gnoll hits you but does no damage.
You are confused.
You feel invigorated.
The gnoll hits you but does no damage. x3
The gnoll attacks as you move away! The gnoll hits you but does no damage.
You bump into the rock wall.
The gnoll hits you with a +0 whip.
You bump into the rock wall.
You feel less invigorated.
You feel less confused. The gnoll hits you with a +0 whip.
The gnoll hits you but does no damage.
You hit the gnoll.
The gnoll is heavily wounded.
The gnoll hits you from afar with a +0 spear!
The gnoll hits you from afar with a +0 spear.
* * * LOW HITPOINT WARNING * * *
The gnoll hits you with a +0 whip.
* * * LOW HITPOINT WARNING * * *
The gnoll hits you with a +0 spear.
* * * LOW HITPOINT WARNING * * *
The gnoll hits you with a +0 spear.
* * * LOW HITPOINT WARNING * * *
You hit the gnoll but do no damage.
The gnoll is moderately wounded.
You hit the gnoll. You hit the gnoll but do no damage.
The gnoll hits you with a +0 whip.
You die...

.###.##.#......## ##......#
.# #....#..##### #####..#
.# ####.#..##### #####..#
.# ##.#......## ##......#
.# #..#.......####.......#
)# #..#........##........#
.# #..##.......##.......##
.#####..###....g.##......##
..).......##....@##.....##
######..#####..ggg.....## #
#..# ###........##
######.## #.####''####
....##.# #.......#
8...##.#####.#######
.............#
....##.####..# 8......#
#..#


You could see 4 gnolls.

Vanquished Creatures
  An adder (D:2)
  4 goblins
  5 hobgoblins
  2 jackals (D:2)
  A quokka (D:2)
  5 bats
  2 frilled lizards (D:2)
  2 kobolds (D:1)
  5 rats
27 creatures vanquished.

Notes
Turn   | Place    | Note
-------+----------+-------------------------------------------
     0 | D:1      | innerfire43 the Demonspawn Monk began the quest for the
                  | Orb.
     0 | D:1      | Reached XP level 1. HP: 18/18 MP: 1/1
   499 | D:1      | Gained mutation: Spells you cast may paralyse adjacent
                  | enemies. [demonic ancestry]
   499 | D:1      | Reached XP level 2. HP: 24/24 MP: 2/2
   901 | D:2      | Reached XP level 3. HP: 26/29 MP: 3/3
  1245 | D:2      | HP: 1/29 [gnoll/+0 spear (1)]
  1246 | D:2      | Slain by a gnoll

Illustrated notes

Levels and vault maps discovered:
D:1:      lemuel_arrival_funnel, layout_basic
D:2:      wander_river, layout_loops_ring, kennysheep_cross_room

Skill      XL: |  1  2 |
---------------+-------+-----
Dodging        | 3 |  3.1
Axes           | 3 |  3.2
Fighting       | |  3.4
Armour         | |  0.1

Action                     || total
---------------------------++-------
  Melee: Hand axe          ||    66
    Use: Potion            ||     1
 Armour: Robe              ||     8
         Plate armour      ||    30
  Dodge: Dodged            ||    33

Table legend: (Time is in decaauts)
 A = Elapsed time spent in this place.
 B = Non-inter-level travel time spent in this place.
 C = Inter-level travel time spent in this place.
 D = Time resting spent in this place.
 E = Time spent auto-exploring this place.
 F = Levels seen in this place.
 G = Mean time per level.
                   A        B        C        D        E       F      G
               +--------+--------+--------+--------+--------+-----+--------+
         Total |   1283 |   1223 |     60 |      0 |    937 |   2 |  641.5 |
       Dungeon |   1283 |   1223 |     60 |      0 |    937 |   2 |  641.5 |
               +--------+--------+--------+--------+--------+-----+--------+

Top non-repeatable levels by time:
     D:1: 790 daAuts
     D:2: 492 daAuts
